 Dungeon Crawl Stone Soup version 0.17.1-3-g152610e (webtiles) character file.

828 jesusflecha the Cruncher (level 7, -1/56 HPs)
             Began as a Minotaur Gladiator on Mar 2, 2016.
             Was an Initiate of Okawaru.
             Slain by an orc wizard
             ... wielding a +0 dagger
              (3 damage)
             ... on level 7 of the Dungeon.
             The game lasted 01:50:36 (5263 turns).

jesusflecha the Cruncher (Minotaur Gladiator)       Turns: 5263, Time: 01:50:36

Health: -1/56      AC: 13    Str: 22    XL:     7   Next: 65%
Magic:  6/6        EV:  7    Int:  5    God:    Okawaru [......]
Gold:   408        SH:  0    Dex: 10    Spells: 0 memorised, 6 levels left

rFire  . . .     SeeInvis .     a - +0 quarterstaff
rCold  . . .     Clarity  .     M - +0 plate armour
rNeg   . . .     SustAt   .     (shield currently unavailable)
rPois  .         Gourm    .     c - +0 hat
rElec  .         Spirit   .     (no cloak)
rCorr  .         Warding  .     o - +0 pair of gloves
rMut   .         Stasis   .     (no boots)
MR     .....                    (no amulet)
Stlth  ..........               (no ring)
                                (no ring)

@: not resistant to hostile enchantments, extremely unstealthy
A: retaliatory headbutt, horns 2
a: Renounce Religion


You were on level 7 of the Dungeon.
You worshipped Okawaru.
Okawaru was noncommittal.
You were hungry.

You visited 2 branches of the dungeon, and saw 8 of its levels.

You collected 408 gold pieces.

Inventory:

Hand Weapons
 a - a +0 quarterstaff (weapon)
 l - a +0 hunting sling
 m - a cursed -1 club
 u - a +0 spear
 x - a +0 mace
 y - a +0 flail
 P - a +0 falchion
 V - a +0 giant club
 Y - a +2 quarterstaff of chaos
Missiles
 d - 3 throwing nets
 p - 7 needles of slowing
 A - 38 arrows (quivered)
 E - 3 javelins
 G - 12 bolts
 K - 12 poisoned needles
 N - 16 arrows of frost
Armour
 b - a +0 leather armour
 c - a +0 hat (worn)
 h - a +0 leather armour
 o - a +0 pair of gloves (worn)
 q - a +0 ring mail
 H - a +0 buckler
 L - a +0 helmet
 M - a +0 plate armour (worn)
 Z - a +0 chain mail
Jewellery
 Q - an uncursed ring of positive energy {unknown}
 T - an uncursed amulet of stasis {unknown}
Wands
 r - a wand of fire (2)
 z - a wand of teleportation (2)
 F - a wand of magic darts (13)
Scrolls
 s - 6 scrolls of identify {unknown}
 t - 2 scrolls of immolation {unknown}
 B - 2 scrolls of enchant weapon {unknown}
 C - a scroll of enchant armour {unknown}
 D - 2 scrolls of magic mapping {unknown}
 I - 2 scrolls of fog {unknown}
 J - a scroll of random uselessness {unknown}
 O - a scroll of amnesia {unknown}
 W - 2 scrolls of noise {unknown}
 X - a scroll of remove curse {unknown}
Potions
 i - a potion of resistance {unknown}
 j - a potion of cancellation {unknown}
 v - 2 potions of heal wounds {unknown}
 w - a potion of agility {unknown}
 R - a potion of curing {unknown}
 S - 2 potions of beneficial mutation {unknown}
 U - 2 potions of haste {unknown}
Comestibles
 e - 5 bread rations
 f - 3 meat rations
 g - a slice of pizza
 k - a beef jerky
 n - 7 chunks of flesh


   Skills:
 - Level 2.5 Fighting
 * Level 9.1 Staves
 - Level 2.0 Throwing
 + Level 5.3 Armour
 - Level 3.3 Dodging
 + Level 1.4 Stealth


You had 6 spell levels left.
You didn't know any spells.

Dungeon Overview and Level Annotations

Branches:
Dungeon (7/15)             Temple (1/1) D:5

Altars:
Ashenzari
Dithmenos
Elyvilon
Gozag
Kikubaaqudgha
Nemelex Xobeh
Okawaru
Ru
Sif Muna
Trog
Xom
Zin
The Shining One

Annotations:
D:4 Eustachio; Sarmenti's ghost, novice NaVM
D:6 azazzel4ik's ghost, novice MfGl


Innate Abilities, Weirdness & Mutations

You reflexively headbutt those who attack you in melee.
You have a pair of horns on your head.


Message History

There is a stone staircase leading up here.
You are feeling hungry.
Something hits you but does no damage.
You miss something. Something hits you but does no damage.
You hit something but do no damage.
You hear some strange, mumbled words.
A magic dart appears from out of thin air!
The magic dart hits you! Something hits you but does no damage.
You miss something. Your headbutt misses something.
Something hits you but does no damage.
You miss something. You headbutt something.
Something hits you but does no damage.
You closely miss something. Something hits you but does no damage.
You closely miss something. Something hits you but does no damage.
You sock something! You headbutt something.
You hear some strange, mumbled words.
A puff of frost appears from out of thin air!
The puff of frost hits you!
You miss something. Something hits you.
You die...

#
.##########.###
......./.......
#.@.##.###
#.{.......
#....#.###
#....# # #....#
...... #.......
.........
##.........


There were no monsters in sight!

Vanquished Creatures
  An ogre (D:5)
  4 crimson imps (D:5)
  A centaur zombie (D:5)
  A centaur skeleton (D:4)
  A hound (D:4)
  2 jellies (D:5)
  Crazy Yiuf (D:5)
  2 orc priests
  Jessica (D:2)
  2 orc wizards
  3 worker ants
  Robin (D:2)
  11 adders
  A shadow imp (D:5)
  An adder skeleton (D:5)
  An adder zombie (D:5)
  2 worms
  A giant gecko (D:2)
  11 orcs
  6 giant cockroaches
  8 hobgoblins
  8 jackals
  5 quokkas
  6 bats
  6 giant newts
  11 goblins
  6 kobolds
  9 rats
113 creatures vanquished.

Vanquished Creatures (others)
  A goblin (D:1)
1 creature vanquished.

Grand Total: 114 creatures vanquished

Notes
Turn   | Place    | Note
--------------------------------------------------------------
     0 | D:1      | jesusflecha the Minotaur Gladiator began the quest for the Orb.
     0 | D:1      | Reached XP level 1. HP: 18/18 MP: 0/0
   279 | D:1      | Reached skill level 4 in Staves
   283 | D:1      | Reached XP level 2. HP: 25/25 MP: 1/1
   656 | D:2      | Reached XP level 3. HP: 15/30 MP: 2/2
   657 | D:2      | Reached skill level 5 in Staves
   860 | D:2      | Noticed Robin
  1253 | D:2      | Reached skill level 1 in Armour
  1403 | D:2      | Killed Robin
  1593 | D:2      | Reached XP level 4. HP: 35/37 MP: 3/3
  1621 | D:2      | Noticed Jessica
  1758 | D:2      | You fall through a shaft!
  1829 | D:3      | Found a glowing golden altar of the Shining One.
  2064 | D:3      | Reached skill level 6 in Staves
  2206 | D:3      | Reached XP level 5. HP: 42/42 MP: 4/4
  2215 | D:3      | Found an ancient bone altar of Kikubaaqudgha.
  2725 | D:2      | Killed Jessica
  3460 | D:4      | Noticed Sarmenti's ghost (novice NaVM)
  3571 | D:4      | Reached skill level 7 in Staves
  3571 | D:4      | Reached skill level 1 in Stealth
  3622 | D:4      | Reached XP level 6. HP: 48/50 MP: 5/5
  3633 | D:4      | Noticed Eustachio
  3891 | D:5      | Entered Level 5 of the Dungeon
  4079 | D:5      | Reached skill level 8 in Staves
  4167 | D:5      | Reached XP level 7. HP: 20/56 MP: 6/6
  4235 | D:5      | Found a staircase to the Ecumenical Temple.
  4398 | Temple   | Entered the Ecumenical Temple
  4436 | Temple   | Became a worshipper of Warmaster Okawaru
  4578 | D:5      | Noticed Crazy Yiuf
  4587 | D:5      | Killed Crazy Yiuf
  4730 | D:6      | Reached skill level 5 in Armour
  4775 | D:6      | Noticed azazzel4ik's ghost (novice MfGl)
  4933 | D:6      | Found a bloodstained altar of Trog.
  5168 | D:6      | Reached skill level 9 in Staves
  5253 | D:6      | HP: 1/56 [something/puff of frost (10)]
  5263 | D:7      | Slain by an orc wizard

Action                   |  1- 3 |  4- 6 |  7- 9 || total
-------------------------+-------+-------+-------++-------
Melee: Quarterstaff      |    87 |   182 |    84 ||   353
       Falchion          |       |     3 |       ||     3
  Eat: Chunk             |     2 |     6 |     1 ||     9
       Bread ration      |       |     1 |       ||     1
